 Dungeon Crawl Stone Soup version 0.27-a0-1555-g0e7b3fb1d2 (webtiles) character file.

Game seed: 13353525729001549528

69 PentaManta the Skirmisher (level 4, -4/31 HPs)
             Began as an Octopode Abyssal Knight on July 15, 2021.
             Was a Believer of Lugonu.
             Slain by Terence (8 damage)
             ... on level 1 of the Dungeon.
             The game lasted 00:05:20 (2503 turns).

PentaManta the Skirmisher (Octopode Abyssal Knight) Turns: 2503, Time: 00:05:21

Health: -4/31      AC:  1    Str: 11    XL:     4   Next: 20%
Magic:  6/6        EV: 13    Int: 14    God:    Lugonu [**....]
Gold:   70         SH:  3    Dex: 12    Spells: 3/3 levels left

rFire    . . .     SeeInvis .     - Unarmed
rCold    . . .     Faith    .   f - +0 buckler
rNeg     . . .     Spirit   .   (helmet restricted)
rPois    .         Reflect  .   (no amulet)
rElec    .         Harm     .   (no ring)
rCorr    .         Rampage  .   (no ring)
Will     .....                  (no ring)
Stlth    +++.......             (no ring)
HPRegen  0.10/turn              (no ring)
MPRegen  0.10/turn              (no ring)
                                (no ring)
                                (no ring)

@: no status effects
A: almost no armour, amphibious, 8 rings, camouflage 1, gelatinous body 1,
(nimble swimmer 1), tentacles
a: Renounce Religion, Depart the Abyss, Bend Space


You were on level 1 of the Dungeon.
You worshipped Lugonu.
Lugonu was pleased with you.
You visited 1 branch of the dungeon, and saw 2 of its levels.
You visited the Abyss 1 time.

You collected 70 gold pieces.

Inventory:

Hand Weapons
 k - a +0 hunting sling
Missiles
 e - 92 stones
 l - 18 sling bullets
Armour
 f - a +0 buckler (worn)
Jewellery
 d - a ring of ice
 g - an amulet of magic regeneration
Wands
 i - a wand of flame (14) (quivered)
Scrolls
 c - a scroll of identify {unknown}
 h - a scroll of teleportation {unknown}
 j - a scroll of acquirement {unknown}
 m - a scroll of enchant armour {unknown}
Potions
 a - 3 potions of flight {unknown}
 b - a potion of cancellation {unknown}


   Skills:
 - Level 3.3 Fighting
 * Level 0.2 Slings
 - Level 2.8 Dodging
 - Level 2.0 Stealth
 + Level 0.6 Shields
 - Level 2.5 Unarmed Combat
 - Level 2.7 Invocations


You had 3 spell levels left.
You didn't know any spells.
Your spell library contained the following spells:

 Spells                   Type           Power      Damage    Failure   Level
 Call Canine Familiar     Summ           0%         N/A       78%         3
 Portal Projectile        Hex/Tloc       0%         N/A       78%         3
 Leda's Liquefaction      Hex/Erth       0%         N/A       99%         4


Dungeon Overview and Level Annotations

Branches:
Dungeon (2/15)

Altars:

Annotations:
D:1 Terence


Innate Abilities, Weirdness & Mutations

You cannot wear most types of armour.
You are amphibious.
You can wear up to eight rings at the same time.
Your skin changes colour to match your surroundings (Stealth+).
Your rubbery body absorbs attacks. (AC +1, EV +1)
((You are camouflaged near water. (Stealth+)))
You have tentacles for arms and can constrict up to eight enemies at once.


Message History

An endoplasm comes into view.
A goblin comes into view.
It is wielding a +2 dagger of protection.
There is an escape hatch in the ceiling here.
Terence hits you with a +0 flail. A mysterious force pulls you upwards.
The hatch slams shut behind you.
There is a stone staircase leading down here.
You are now empty-tentacled.
You tentacle-slap Terence. You grab Terence.
Terence is lightly wounded.
You constrict Terence, but do no damage.
You block Terence's attack.
You tentacle-slap Terence.
Terence is moderately wounded.
You constrict Terence, but do no damage.
Terence asks, "Do you want it fast or slow?"
You block Terence's attack.
You tentacle-slap Terence. You squeeze Terence.
Terence is heavily wounded.
You constrict Terence, but do no damage.
Terence closely misses you.
You tentacle-slap Terence.
Terence is severely wounded.
You constrict Terence. Terence hits you with a +0 flail!
You tentacle-slap Terence but do no damage.
You squeeze Terence, but do no damage.
Terence is severely wounded.
You constrict Terence, but do no damage.
Terence barely misses you.
You tentacle-slap Terence but do no damage.
Terence is severely wounded.
You constrict Terence, but do no damage.
Terence hits you with a +0 flail!
You tentacle-slap Terence but do no damage.
Terence is severely wounded.
You constrict Terence. Terence hits you with a +0 flail.
* * * LOW HITPOINT WARNING * * *
You tentacle-slap Terence but do no damage.
Terence is almost dead.
You constrict Terence. Terence hits you with a +0 flail!
You die...

..# #.....#.# ..#
#.###.#.# ..#
#.....#.# ###### ###
####....# #....#
#.#..# #.##.#
##+#..###.##.#
##...#>....##.#
#....#..#####.#####
#....#.....@@.....##
#....#.....######..#
###....#...#.........#
#......#....##'''##..#
#.##...###..#.....#..#
#.###### #..#..<..#..#
#.# #..#.....#..#
#.########..#.....#..#
#......)....##'''##..#


You could see Terence.

Vanquished Creatures
  An adder (D:2)
  3 dart slugs
  8 ball pythons
  4 bats
  7 endoplasms
  2 giant cockroaches (D:1)
  4 goblins
  4 hobgoblins
  A quokka (D:1)
  2 frilled lizards (D:1)
  8 kobolds
  6 rats
50 creatures vanquished.

Notes
Turn   | Place    | Note
-------+----------+-------------------------------------------
     0 | Abyss:1  | PentaManta the Octopode Abyssal Knight began the quest for
                  | the Orb.
     0 | Abyss:1  | Reached XP level 1. HP: 16/16 MP: 2/2
    32 | Abyss:2  | Found a corrupted altar of Lugonu.
    68 | Abyss:2  | Noticed a neqoxec
    71 | Abyss:2  | Noticed a starcursed mass
    72 | D:1      | Escaped the Abyss
   234 | D:1      | Reached XP level 2. HP: 16/21 MP: 3/3
   238 | D:1      | Reached skill level 1 in Stealth
   533 | D:1      | Reached XP level 3. HP: 20/26 MP: 4/4
   766 | D:1      | Reached ** piety under Lugonu
  1764 | D:2      | Reached XP level 4. HP: 31/31 MP: 5/5
  2026 | D:2      | Noticed Terence
  2503 | D:1      | Slain by Terence

Illustrated notes

Levels and vault maps discovered:
D:1:      dpeg_arrival_windows_large_door, layout_basic
D:2:      layout_basic, serial_bayou_pond_b, grunt_decor_mini_mirrors,
          corexii_leaking_fountain, minmay_misc_feat_columns, uniq_terence

Skill      XL: |  1  2  3  4 |
---------------+-------------+-----
Stealth        | 1 2 |  2.0
Fighting       | |  3.3
Slings         | |  0.2
Dodging        | |  2.8
Shields        | |  0.6
Unarmed Combat | |  2.5
Invocations    | |  2.7

Action                   |  1- 3 |  4- 6 || total
-------------------------+-------+-------++-------
Melee: Unarmed           |   105 |    24 ||   129
       Constrict         |    27 |     8 ||    35
       Tentacles         |    15 |     4 ||    19
       Punch             |     2 |       ||     2
 Fire: Hunting sling     |       |    15 ||    15
Evoke: Wand              |       |     3 ||     3
 Stab: Sleeping          |    10 |     4 ||    14
Armor: Skin              |    16 |       ||    16
Dodge: Dodged            |    68 |    11 ||    79
Block: Buckler           |     8 |     3 ||    11

Table legend: (Time is in decaauts)
 A = Elapsed time spent in this place.
 B = Non-inter-level travel time spent in this place.
 C = Inter-level travel time spent in this place.
 D = Time resting spent in this place.
 E = Time spent auto-exploring this place.
 F = Levels seen in this place.
 G = Mean time per level.
                   A        B        C        D        E       F      G
               +--------+--------+--------+--------+--------+-----+--------+
         Total |   2508 |   2386 |    122 |      0 |   1825 |   4 |  627.0 |
       Dungeon |   2436 |   2314 |    122 |      0 |   1825 |   2 | 1218.0 |
         Abyss |     71 |     71 |      0 |      0 |      0 |   2 |   35.5 |
               +--------+--------+--------+--------+--------+-----+--------+

Top non-repeatable levels by time:
     D:1: 1528 daAuts
     D:2: 908 daAuts
 Abyss:2: 39 daAuts
 Abyss:1: 32 daAuts
